 Dungeon Crawl Stone Soup version 0.21.1-1-g345015f (webtiles) character file.

1763 diana the Carver (level 8, 0/111 HPs)
             Began as a White Draconian Fighter on July 7, 2018.
             Was an Initiate of Okawaru.
             Succumbed to a killer bee's poison
             ... on level 7 of the Dungeon.
             The game lasted 00:15:44 (7910 turns).

diana the Carver (White Draconian Fighter)          Turns: 7910, Time: 00:15:45

Health: 0/111      AC: 24    Str: 20 (21) XL:     8   Next: 79%
Magic:  8/8        EV:  2    Int:  7      God:    Okawaru [......]
Gold:   343        SH:  9    Dex: 10      Spells: 7/7 levels left

rFire    + . .     SeeInvis +   a - +0 long sword
rCold    + . .     Gourm    .   b - +0 shield
rNeg     + + +     Faith    .   (armour unavailable)
rPois    +         Spirit   .   (helmet currently unavailable)
rElec    +         Reflect  .   (cloak currently unavailable)
rCorr    +         Harm     .   (gloves currently unavailable)
MR       .....     NoTele   +   (boots currently unavailable)
Stlth    +.........             (no amulet)
HPRegen  0.28/turn              i - ring of see invisible
MPRegen  0.11/turn              (no ring)

@: lethally poisoned (0 -> -9), short of breath, tree-form, resistant
A: (breathe frost), unfitting armour, dopey 1, AC +6
a: Renounce Religion


You were on level 7 of the Dungeon.
You worshipped Okawaru.
Okawaru was noncommittal.
You were very full.
You were a tree.
You visited 1 branch of the dungeon, and saw 7 of its levels.

You collected 343 gold pieces.

Inventory:

Hand Weapons
 a - a +0 long sword (weapon)
Armour
 b - a +0 shield (worn)
 j - a +0 large shield
Jewellery
 i - a ring of see invisible (left branch)
Wands
 g - a wand of polymorph (18)
Scrolls
 h - a scroll of magic mapping
 m - 2 scrolls of teleportation
 n - 2 scrolls of remove curse
 o - 2 scrolls of enchant armour {unknown}
 q - a scroll of enchant weapon {unknown}
 r - a scroll of fog {unknown}
Potions
 f - 2 potions of haste
 k - a potion of flight
 p - a potion of agility
Comestibles
 d - 11 rations
 l - 2 chunks of flesh


   Skills:
 + Level 7.9 Fighting
 * Level 9.5 Long Blades
 - Level 2.6 Dodging
 - Level 3.0 Shields


You had 7 spell levels left.
You didn't know any spells.

Dungeon Overview and Level Annotations

Branches:
Dungeon (7/15)             Temple (0/1) D:6

Altars:
Elyvilon
Hepliaklqana
Okawaru
Trog
Zin

Shops:
D:4 %}

Annotations:
D:5 1 runed door
D:6 Prince Ribbit


Innate Abilities, Weirdness & Mutations

((You can breathe waves of freezing cold.))
((You can buffet flying creatures when you breathe cold.))
((Your icy white scales are hard. (AC +6)))
You cannot fit into any form of body armour.
((Your flesh is cold resistant. (rC+)))
((You are cold-blooded and may be slowed by cold attacks.))
((You have a pair of small horns on your head.))
((Your tail ends in a poisonous barb.))
You are dopey. (Int -2)


Message History

You feel sick.
Evoke which item? (* to show all) (? for menu, Esc to quit)
Okay, then.
You eat one of the 13 rations.
That ration really hit the spot!
* * * LOW HITPOINT WARNING * * *
You feel sick.
You eat one of the 12 rations.
That ration really hit the spot!
* * * LOW HITPOINT WARNING * * *
You feel sick.
Evoke which item? (* to show all) (? for menu, Esc to quit)
Aiming: Polymorph
Press: ? - help, Shift-Dir - straight line, f - you That beam is likely to hit you.
Continue anyway?
Okay, then.
Evoke which item? (* to show all) (? for menu, Esc to quit)
Aiming: Polymorph
Press: ? - help, Shift-Dir - straight line, f - you That beam is likely to hit you.
Continue anyway?
Nothing appears to happen.
You die...

.. #. #. #.
###.##
....# #..#
#.♣# ###.#
#....?....
....#
....#######
#####
######


There were no monsters in sight!

Vanquished Creatures
  The ghost of poirepourri the Magician, an amateur SpCj (D:4)
  Menkaure (D:5)
  A phantom (D:4)
  A centaur (D:6)
  An ogre (D:3)
  A bullfrog (D:6)
  3 scorpions
  2 killer bees (D:5)
  A howler monkey (D:4)
  A crimson imp (D:6)
  2 bullfrog skeletons (D:6)
  2 hounds
  A jelly (D:6)
  2 centaur skeletons
  Terence (D:3)
  An iguana (D:7)
  3 orc wizards
  10 worker ants
  A killer bee zombie (D:6)
  A hound skeleton (D:4)
  A worker ant zombie (D:5)
  10 adders
  3 gnolls (D:3)
  An adder skeleton (D:4)
  An adder zombie (D:7)
  7 worms
  4 dart slugs
  4 leopard geckos
  13 orcs
  2 ball pythons
  6 bats
  9 giant cockroaches
  6 goblins
  8 hobgoblins
  3 jackals
  6 kobolds
  2 quokkas
  5 frilled lizards
  A jackal zombie (D:6)
  2 leopard gecko zombies (D:5)
  5 rats
136 creatures vanquished.

Notes
Turn   | Place    | Note
-------+----------+-------------------------------------------
     0 | D:1      | diana the Draconian Fighter began the quest for the Orb.
     0 | D:1      | Reached XP level 1. HP: 19/19 MP: 1/1
   389 | D:1      | Reached XP level 2. HP: 20/26 MP: 2/2
   834 | D:1      | Reached skill level 3 in Long Blades
  1047 | D:2      | Reached XP level 3. HP: 22/33 MP: 3/3
  1620 | D:2      | Reached XP level 4. HP: 25/40 MP: 4/4
  2238 | D:3      | Reached skill level 4 in Long Blades
  2436 | D:3      | Reached XP level 5. HP: 24/47 MP: 5/5
  2623 | D:3      | Found a hazy altar of Hepliaklqana.
  2735 | D:3      | Noticed Terence
  2763 | D:3      | Killed Terence
  2763 | D:3      | Reached skill level 5 in Long Blades
  3286 | D:3      | Noticed an ogre
  3378 | D:4      | Found Emuyrpho's Food Boutique.
  3378 | D:4      | Noticed Menkaure
  3455 | D:4      | Noticed poirepourri's ghost (amateur SpCj)
  3475 | D:4      | Reached skill level 5 in Fighting
  3475 | D:4      | Reached XP level 6. HP: 42/56 MP: 6/6
  3741 | D:4      | Found Otont's Gadget Boutique.
  3772 | D:4      | Killed poirepourri's ghost
  3772 | D:4      | Reached skill level 6 in Long Blades
  3772 | D:4      | Your scales start taking on an icy white colour.
  3772 | D:4      | Reached XP level 7. HP: 22/62 MP: 7/7
  3772 | D:4      | Gained mutation: Your flesh is cold resistant. (rC+) [White Draconian growth]
  4259 | D:4      | Found a white marble altar of Elyvilon.
  4431 | D:5      | Entered Level 5 of the Dungeon
  4621 | D:3      | Reached skill level 7 in Long Blades
  5186 | D:5      | Killed Menkaure
  5449 | D:5      | Found a runed door.
  5495 | D:5      | Found a runed door.
  5533 | D:5      | Found a bloodstained altar of Trog.
  5533 | D:5      | Found a glowing silver altar of Zin.
  5701 | D:5      | Reached XP level 8. HP: 42/71 MP: 8/8
  5897 | D:5      | Reached skill level 8 in Long Blades
  6921 | D:6      | Reached skill level 9 in Long Blades
  6986 | D:6      | Found an iron altar of Okawaru.
  7010 | D:6      | Became a worshipper of Warmaster Okawaru
  7139 | D:6      | Noticed Prince Ribbit
  7179 | D:6      | Found a staircase to the Ecumenical Temple.
  7307 | D:6      | Gained mutation: You have a pair of small horns on your head. [potion of mutation]
  7307 | D:6      | Gained mutation: You are dopey. (Int -2) [potion of mutation]
  7307 | D:6      | Gained mutation: Your tail ends in a poisonous barb. [potion of mutation]
  7906 | D:7      | HP: 4/111 [poisoned by a killer bee]
  7909 | D:7      | HP: 1/111 [poisoned by a killer bee]
  7910 | D:7      | Succumbed to a killer bee's poison

Skill      XL: |  1  2  3  4  5  6  7  8 |
---------------+-------------------------+-----
Long Blades    | 3 4 5 6 7 9 |  9.5
Fighting       | 4 5 6 7 |  7.9
Dodging        | |  2.6
Shields        | |  3.0

Action                   |  1- 3 |  4- 6 |  7- 9 || total
-------------------------+-------+-------+-------++-------
Melee: Long sword        |   108 |   178 |   295 ||   581
       Tailslap          |    12 |    24 |    38 ||    74
       Headbutt          |       |       |     3 ||     3
 Abil: Breathe Frost     |       |       |     6 ||     6
Evoke: Wand              |       |       |     4 ||     4
  Use: Potion            |       |     2 |    14 ||    16
       Scroll            |       |     4 |     4 ||     8
 Stab: Sleeping          |       |       |     1 ||     1
  Eat: Chunk             |     2 |     8 |    11 ||    21
       Ration            |       |       |     3 ||     3
Armor: Skin              |    33 |    35 |    74 ||   142
Dodge: Dodged            |    40 |    68 |   141 ||   249
Block: Shield            |    51 |    79 |   147 ||   277
       Rpst.: Long sword |    11 |    30 |    57 ||    98
